 Dungeon Crawl Stone Soup version 0.20.0 (webtiles) character file.

367 azrac the Bolt Thrower (level 7, -1/52 HPs)
             Began as a Formicid Hunter on June 2, 2017.
             Slain by a centaur (4 damage)
             ... on level 6 of the Dungeon.
             The game lasted 00:05:32 (2842 turns).

azrac the Bolt Thrower (Formicid Hunter)            Turns: 2842, Time: 00:05:32

Health: -1/52      AC:  4    Str: 22    XL:     7   Next: 1%
Magic:  7/7        EV: 12    Int: 11    God:
Gold:   104        SH:  0    Dex: 11    Spells: 6/6 levels left

rFire    + . .     SeeInvis +   b - +5 trident (flame)
rCold    . . .     Gourm    .   (no shield)
rNeg     . . .     Faith    .   c - +0 leather armour
rPois    .         Spirit   .   (helmet unavailable)
rElec    .         Reflect  .   (no cloak)
rCorr    .         Harm     .   (no gloves)
MR       .....                  h - +0 pair of boots
Stlth    ++........             (no amulet)
Regen    0.2/turn               p - ring of protection from fire
MPRegen  0.1/turn               u - +4 ring of strength

@: heavily drained
A: permanent stasis, dig shafts and tunnels, four strong arms, antennae 3
a: Dig, Shaft Self


You were on level 6 of the Dungeon.
You were hungry.

You visited 1 branch of the dungeon, and saw 4 of its levels.

You collected 104 gold pieces.

Inventory:

Hand Weapons
 a - a +1 hand crossbow
 b - a +5 trident of flaming (weapon)
Missiles
 d - 32 bolts
Armour
 c - a +0 leather armour (worn)
 h - a +0 pair of boots (worn)
Jewellery
 p - a ring of protection from fire (left hand)
 u - a +4 ring of strength (right hand)
Wands
 t - a wand of disintegration (9/24)
Scrolls
 g - 2 scrolls of amnesia {unknown}
 i - a scroll of fear {unknown}
 l - 5 scrolls of noise {unknown}
 n - 2 scrolls of fog {unknown}
 r - a scroll of remove curse {unknown}
Potions
 e - 2 potions of mutation {unknown}
 k - 2 potions of agility {unknown}
 m - a potion of heal wounds {unknown}
 o - 3 potions of flight {unknown}
Comestibles
 f - 2 bread rations
 j - 9 chunks of flesh
 q - a royal jelly
 s - a meat ration


   Skills:
 + Level 3.4(2.2) Fighting
 * Level 5.7(4.4) Crossbows
 + Level 2.5(1.4) Armour
 + Level 3.1(1.9) Dodging
 - Level 3.1(1.9) Stealth


You had 6 spell levels left.
You didn't know any spells.

Dungeon Overview and Level Annotations

Branches:
Dungeon (3/15)

Altars:
Gozag
Nemelex Xobeh
Trog
Vehumet


Innate Abilities, Weirdness & Mutations

You cannot be hasted, slowed, berserked, paralysed or teleported.
You can dig through walls and to a lower floor.
Your four strong arms can wield two-handed weapons with a shield.
You have a pair of large antennae on your head. (SInv)


Message History

* * * LOW HITPOINT WARNING * * *
You are too injured to fight recklessly!
You barely miss the centaur.
The centaur is heavily wounded.
The centaur barely misses you. The centaur misses you.
You hit the centaur but do no damage.
The centaur is heavily wounded.
The centaur barely misses you.
The centaur hits you but does no damage.
You are too injured to fight recklessly!
You puncture the centaur! You burn the centaur.
The centaur is almost dead.
The centaur hits you!
* * * LOW HITPOINT WARNING * * *
The centaur barely misses you.
You are too injured to fight recklessly!
You completely miss the centaur.
The centaur is almost dead.
The centaur hits you.
You die...

.. ########## .#
#)....##@##.#
###.....###c#{#
#.......##{##.# .
###.....#{##
.###..5
#.....##(##{......
#...z...(.(.......
##...########.....z
#.._.# ##.#. #....#
{


You could see a centaur.

Vanquished Creatures
  Sigmund (D:2)
  Jessica (D:2)
  Terence (D:2)
  Robin (D:2)
  A gnoll (D:1)
  2 adders (D:2)
  3 oozes
  2 worms (D:2)
  4 dart slugs (D:1)
  3 leopard geckos
  6 orcs (D:3)
  3 bats
  4 giant cockroaches
  16 goblins
  10 hobgoblins
  3 jackals (D:1)
  A ball python (D:2)
  4 frilled lizards
  3 kobolds (D:2)
  10 rats
79 creatures vanquished.

Vanquished Creatures (others)
  An adder (D:2)
  A kobold (D:1)
2 creatures vanquished.

Grand Total: 81 creatures vanquished

Notes
Turn   | Place    | Note
-------+----------+-------------------------------------------
     0 | D:1      | azrac the Formicid Hunter began the quest for the Orb.
     0 | D:1      | Reached XP level 1. HP: 16/16 MP: 1/1
   351 | D:1      | Reached XP level 2. HP: 2/23 MP: 2/2
   809 | D:1      | Reached XP level 3. HP: 27/28 MP: 3/3
  1047 | D:1      | Reached skill level 1 in Armour
  1212 | D:2      | Reached XP level 4. HP: 34/34 MP: 4/4
  1222 | D:2      | Noticed Jessica
  1230 | D:2      | Killed Jessica
  1230 | D:2      | Reached skill level 5 in Crossbows
  1298 | D:2      | Found a faded altar of an unknown god.
  1403 | D:2      | Reached XP level 5. HP: 39/40 MP: 5/5
  1454 | D:2      | Noticed Robin
  1504 | D:2      | Killed Robin
  1807 | D:2      | Noticed Sigmund
  1816 | D:2      | Killed Sigmund
  1816 | D:2      | Reached XP level 6. HP: 35/47 MP: 6/6
  2031 | D:2      | Found a bloodstained altar of Trog.
  2251 | D:2      | Found a radiant altar of Vehumet.
  2408 | D:3      | Noticed Terence
  2431 | D:2      | Killed Terence
  2734 | D:3      | Reached XP level 7. HP: 51/52 MP: 7/7
  2780 | D:3      | Found a sparkling altar of Nemelex Xobeh.
  2787 | D:3      | You fall through a shaft for 3 floors!
  2790 | D:6      | Found an opulent altar of Gozag.
  2842 | D:6      | Slain by a centaur

Skill      XL: |  1  2  3  4  5  6 |
---------------+-------------------+-----
Dodging        | 2 3 |  3.1
Armour         | 1 2 |  2.5
Crossbows      | 5 |  5.7
Fighting       | 3 |  3.4
Stealth        | 2 3 |  3.1

Action                   |  1- 3 |  4- 6 |  7- 9 || total
-------------------------+-------+-------+-------++-------
Melee: Whip              |    76 |    34 |       ||   110
       Short sword       |     3 |       |       ||     3
       Trident           |       |    91 |    13 ||   104
 Fire: Hand crossbow     |     8 |    26 |       ||    34
 Abil: Dig               |       |       |     1 ||     1
 Stab: Sleeping          |       |     2 |       ||     2
  Eat: Chunk             |     1 |     5 |       ||     6
Armor: Leather armour    |    25 |    28 |     2 ||    55
Dodge: Dodged            |    57 |    55 |    13 ||   125
